 Dungeon Sprint DCSS version 0.31-a0-455-g1a7b003ef0 (webtiles) character file.

Game seed: 15781470952020121725

600 dialectric the Unseen (level 7, -7/37 HPs)
             Began as a Spriggan Brigand on Aug 3, 2023.
             Was an Initiate of Trog.
             Mangled by a sixfirhy (13 damage)
             ... summoned by a kobold demonologist
             ... in the Dungeon (Sprint I: "Red Sonja").
             The game lasted 00:01:13 (166 turns).

dialectric the Unseen (Spriggan Brigand)             Turns: 166, Time: 00:01:13

Health: -7/37      AC:  3    Str:  7    XL:     7   Next: 18%
Magic:  8/8        EV: 18    Int: 13    God:    Trog [......]
Gold:   415        SH:  0    Dex: 18    Spells: 6/6 levels left

rFire   . . .        a - +2 dagger
rCold   . . .        (no shield)
rNeg    . . .        b - +0 robe
rPois   .            (helmet restricted)
rElec   .            c - +0 cloak
rCorr   .            (gloves unavailable)
SInv    +            (boots unavailable)
Will    +....        (no amulet)
Stlth   ++++++++     (no ring)
HPRegen 0.26/turn    (no ring)
MPRegen 0.11/turn

%: no teleportation
@: very quick
A: very small, no large weapons, unfitting armour, see invisible, speed 3
a: Renounce Religion


You were in the Dungeon.
You worshipped Trog.
Trog was noncommittal.
You visited 1 branch You collected 415 gold pieces.

Inventory:

Hand Weapons
 a - a +2 dagger (weapon)
Missiles
 d - 8 poisoned darts (quivered)
 m - 3 curare-tipped darts
Armour
 b - a +0 robe (worn)
 c - a +0 cloak (worn)
Wands
 l - a wand of iceblast (2)
Scrolls
 k - a scroll of blinking
Potions
 e - a potion of brilliance {unknown}
 f - a potion of curing
 g - a potion of heal wounds
 h - a potion of haste
 i - 2 potions of magic
 j - a potion of berserk rage


   Skills:
 + Level 4.1 Fighting
 + Level 6.0 Short Blades
 - Level 2.5 Throwing
 + Level 3.4 Dodging
 + Level 20.7 Stealth


You had 6 spell levels left.
You didn't know any spells.
Your spell library was empty.

Dungeon Overview and Level Annotations

Branches:
Dungeon (1/1)

Altars:
Cheibriados
Dithmenos
Elyvilon
Fedhas
Gozag
Hepliaklqana
Kikubaaqudgha
Makhleb
Nemelex Xobeh
Okawaru
Qazlal
Ru
Sif Muna
Trog
Uskayaw
Vehumet
Wu Jian
Xom
Yredelemnul
Zin
The Shining One
Jiyva
Lugonu

Shops:
D =


Innate Abilities, Weirdness & Mutations

You are very small and have problems with some larger weapons.
You are too small for most types of armour.
You have supernaturally acute eyesight. (SInv)
You cover ground extremely quickly. (Speed+++)


Message History

You see here a yak corpse.
There is an ornate altar of the Wu Jian Council here.
There is an open door, spattered with blood here.
There is an entrance to Bonyps's Jewellery Emporium here.
There is a shadowy altar of Dithmenos here.
There is an entrance to Bonyps's Jewellery Emporium here.
There is a blossoming altar of Fedhas here.
There is a bloodstained altar of Trog here.
You kneel at the altar of Trog.
Trog welcomes you!
There is a blossoming altar of Fedhas here.
There is a stormy altar of Qazlal here.
There is an open door, spattered with blood here.
You see here a yak corpse.
There is an open door here.
There is an open door here.
There is a corrupted altar of Lugonu here.
You open the door.
Found 54 gold pieces.
Found 54 gold pieces.
There is an open door here.
You now have 334 gold pieces (gained 27).
You now have 361 gold pieces (gained 27).
You now have 388 gold pieces (gained 27).
You now have 415 gold pieces (gained 27).
You open the door.
A kobold demonologist comes into view. It is wielding a +0 dagger.
The kobold demonologist shouts!
You hear a shout!
A floating eye and a kobold demonologist come into view.
The kobold demonologist mumbles some strange words.
The kobold demonologist looks encouraged for a moment.
There is an open door here.
Unknown command.
The sixfirhy misses you. The sixfirhy attacks as you move away!
The sixfirhy hits you. The sixfirhy shocks you! The sixfirhy barely misses you.
The sixfirhy hits you. The sixfirhy shocks you!
* * * LOW HITPOINT WARNING * * *
The sixfirhy hits you!
You die...

########################
.#.)'..#.)'..#__#..'KK.#
.'..#.)'..#..'..@3.#...#
.#####'#####'#__####.G.+
.####..#...#†#### ####
.#__####..##.#
.#_____##'#_.+
⌠#_.∩...'..._#
##_..__##_.#'#
#_____###+#)# #######
###


You could see 2 kobold demonologists and a sixfirhy (summoned).

Vanquished Creatures
  A slime creature (D)
  Sigmund (D)
  A yak (D)
  An ogre (D)
  A jelly (D)
  Ijyb (D)
6 creatures vanquished.

Notes
Turn   | Place    | Note
-------+----------+-------------------------------------------
     0 | D        | dialectric the Spriggan Brigand began the quest for the
                  | Orb.
     0 | D        | Reached XP level 1. HP: 10/10 MP: 2/2
     2 | D        | Noticed Ijyb
     4 | D        | Killed Ijyb
     5 | D        | Reached skill level 9 in Stealth
     5 | D        | Reached XP level 2. HP: 15/15 MP: 3/3
    10 | D        | Noticed an ogre
    12 | D        | Killed an ogre
    13 | D        | Reached skill level 13 in Stealth
    13 | D        | Reached XP level 3. HP: 19/19 MP: 4/4
    13 | D        | Reached XP level 4. HP: 23/23 MP: 5/5
    24 | D        | Noticed Sigmund
    26 | D        | Killed Sigmund
    27 | D        | Reached skill level 16 in Stealth
    27 | D        | Reached XP level 5. HP: 28/28 MP: 6/6
    39 | D        | Found a shimmering blue altar of Sif Muna.
    40 | D        | Found an ornate altar of the Wu Jian Council.
    41 | D        | Found a radiant altar of Vehumet.
    46 | D        | Reached skill level 5 in Short Blades
    46 | D        | Reached skill level 17 in Stealth
    46 | D        | Reached XP level 6. HP: 32/32 MP: 7/7
    59 | D        | Found Bonyps's Jewellery Emporium.
    59 | D        | Found an ancient bone altar of Kikubaaqudgha.
    59 | D        | Found a hazy altar of Hepliaklqana.
    59 | D        | Found a hide-covered altar of Uskayaw.
    59 | D        | Found a basalt altar of Yredelemnul.
    59 | D        | Found an opulent altar of Gozag.
    59 | D        | Found a snail-covered altar of Cheibriados.
    59 | D        | Found a sacrificial altar of Ru.
    59 | D        | Found a shadowy altar of Dithmenos.
    59 | D        | Noticed a yak
    60 | D        | Found a stormy altar of Qazlal.
    60 | D        | Found a blossoming altar of Fedhas.
    60 | D        | Found a bloodstained altar of Trog.
    60 | D        | Found an iron altar of Okawaru.
    60 | D        | Found a glowing golden altar of the Shining One.
    60 | D        | Found a glowing silver altar of Zin.
    60 | D        | Found a white marble altar of Elyvilon.
    75 | D        | Killed a yak
    76 | D        | Reached skill level 19 in Stealth
    90 | D        | Found a sparkling altar of Nemelex Xobeh.
   112 | D        | Found a burning altar of Makhleb.
   112 | D        | Found a shimmering altar of Xom.
   112 | D        | Noticed a slime creature
   113 | D        | Found a viscous altar of Jiyva.
   113 | D        | Found a corrupted altar of Lugonu.
   115 | D        | Killed a slime creature
   116 | D        | Reached skill level 20 in Stealth
   116 | D        | Reached XP level 7. HP: 31/37 MP: 8/8
   135 | D        | Became a worshipper of Trog the Wrathful
   162 | D        | Noticed a kobold demonologist
   163 | D        | Noticed a kobold demonologist
   164 | D        | Noticed a sixfirhy
   166 | D        | Mangled by a sixfirhy

Illustrated notes

Levels and vault maps discovered:
D:        dungeon_sprint_1 [red_sonja_temple_1, red_sonja_temple_small_1]

Skill      XL: |  1  2  3  4  5  6 |
---------------+-------------------+-----
Fighting       | 2 3 4 |  4.1
Short Blades   | 3 4 5 6 |  6.0
Stealth        | 9 13 16 17 20 | 20.7
Dodging        | 2 3 |  3.4
Throwing       | |  2.5

Action                     |  1- 3 |  4- 6 |  7- 9 || total
---------------------------+-------+-------+-------++-------
  Melee: Dagger            |     2 |     4 |       ||     6
  Throw: Dart              |       |     6 |       ||     6
   Stab: Sleeping          |     2 |     3 |       ||     5
  Dodge: Dodged            |       |       |     2 ||     2

Table legend: (Time is in decaauts)
 A = Elapsed time spent in this place.
 B = Non-inter-level travel time spent in this place.
 C = Inter-level travel time spent in this place.
 D = Time resting spent in this place.
 E = Time spent auto-exploring this place.
 F = Levels seen in this place.
 G = Mean time per level.
                   A        B        C        D        E       F      G
               +--------+--------+--------+--------+--------+-----+--------+
         Total |    116 |    116 |      0 |      0 |      0 |   1 |  116.0 |
       Dungeon |    116 |    116 |      0 |      0 |      0 |   1 |  116.0 |
               +--------+--------+--------+--------+--------+-----+--------+

Top non-repeatable levels by time:
       D: 116 daAuts
